[Event "Late-Titled-Tuesday-Blitz-June-25-2024"]
[Site "Chess.com"]
[Date "2024.06.25"]
[Round "7"]
[White "VD_coach"]
[Black "IMRosen"]
[Result "1-0"]
[WhiteElo "2577"]
[BlackElo "2710"]
[TimeControl "180+1"]
[EndTime "15:17:16 PDT"]
[Termination "VD_coach won on time"]

1. d4 d5 2. Nf3 Nf6 3. c4 e6 4.
Nc3 Nbd7 5. cxd5 exd5 6. Bg5 c6 7. e3 h6 8. Bh4 g5 9. Bg3 Nh5 10. Be5 Nxe5 11. Nxe5 Nf6 12. Bd3 Bg7 13. O-O Nd7 14. f4 Nxe5 15. fxe5 Be6 16. Bf5 Qe7 17. Bxe6 Qxe6 18.
Qh5 O-O 19. Rae1 f5 20. Rf2 Rf7 21. Ref1 Raf8 22. Ne2 Kh7 23. g4 Qg6 24. Qxg6+ Kxg6 25. h3 h5 26. gxf5+ Rxf5 27. Ng3 Rxf2 28. Rxf2 Rxf2 29.
Kxf2 b6 30. Kf3 h4 31. Nf1 Kf5 32. Nh2 c5 33. Ng4 c4 34. Nf2 b5 35. e4+ dxe4+ 36. Nxe4 Bf8 37. Nc3 b4 38. Nd1 Ke6 39. Ke4 g4 40.
hxg4 h3 41. d5+ Kd7 42. Nf2 h2 43. g5 a5 44. Kd4 b3 45. axb3 cxb3 46. Kc3 a4 47. g6 Bg7 48. Kb4 Bxe5 49. Kxa4 Kd6 50. Kxb3 Kxd5 51. Kc2 Bd4 52. Nh1 Ke4 53. Kd2 Kf3 54.
b4 Kg2 55. Ke2 Kxh1 56. Kf1 Bc5 57. g7 1-0

[Event "Late-Titled-Tuesday-Blitz-June-25-2024"]
[Site "Chess.com"]
[Date "2024.06.25"]
[Round "7"]
[White "RandomNoob04"]
[Black "Niktlt"]
[Result "1-0"]
[WhiteElo "2797"]
[BlackElo "2574"]
[TimeControl "180+1"]
[EndTime "15:17:18 PDT"]
[Termination "RandomNoob04 won by checkmate"]

1. e4 c5 2. d4 cxd4 3. c3 d3 4. Bxd3 e6 5. Nf3 Nc6 6. O-O Nf6 7. e5 Nd5 8. c4 Nc7 9. Nc3 Be7 10. Ne4 O-O 11. Bg5 Bxg5 12. Nexg5 h6 13. Ne4 b6 14. Nd6 f6 15. Bb1 Ne8 16. Bg6 Nxd6 17. Qxd6 fxe5 18. Nxe5 Nxe5 19. Qxe5 d6 20. Qg3 Bb7 21. Rad1 d5 22. cxd5 exd5 23. Bc2 Qf6 24. Rd2 Rac8 25. Rfd1 Rfe8 26.
h3 a5 27. Bb3 Kh8 28. Qd3 Rcd8 29. Bc2 g6 30. Qxg6 Qxg6 31. Bxg6 Re6 32. Bf5 Red6 33. Rd4 Kg7 34. Be4 Kf6 35. f4 Ke6 36. Bf3 Bc6 37.
Kf2 Kf6 38. g4 Ke6 39. Kg3 Kf6 40. h4 b5 41. g5+ hxg5 42. hxg5+ Kf5 43. Bg4+ Kg6 44.
Rh1 b4 45. Rh6+ Kg7 46. Rxd6 Rxd6 47. f5 Be8 48. Kf4 Bf7 49. Ke5 Rd8 50. g6 Bg8 51. Bf3 Re8+ 52. Kf4 Kf6 53. Bxd5 Rd8 54. Ke4 Re8+ 55.
Kd3 Rd8 56. Bxg8 Rxg8 57. Rd5 Ra8 58. Ke4 Re8+ 59. Kf4 a4 60. Rd6+ Kg7 61. Kg5 Re5 62. Rd7+ Kg8 63. Kf6 Re8 64. g7 b3 65. Kg6 bxa2 66. f6 a1=Q 67. f7# 1-0

[Event "Late-Titled-Tuesday-Blitz-June-25-2024"]
[Site "Chess.com"]
[Date "2024.06.25"]
[Round "7"]
[White "KoshkaMatrioshka"]
[Black "IsaacWiebe"]
[Result "1-0"]
[WhiteElo "2552"]
[BlackElo "2373"]
[TimeControl "180+1"]
[EndTime "15:17:18 PDT"]
[Termination "KoshkaMatrioshka won by resignation"]

1. c4 e5 2. g3 Nf6 3. Bg2 d5 4. cxd5 Nxd5 5. Nc3 Nb6 6. Nf3 Nc6 7. O-O Be7 8. d3 O-O 9. Be3 Re8 10. Rc1 Bf8 11. Ne4 Bg4 12. Bc5 Bxf3 13. Bxf3 Nd4 14.
Bg2 c6 15. Bxf8 Kxf8 16. e3 Ne6 17. Qb3 Kg8 18. Rc2 Qd7 19. Bh3 Rad8 20. Rd1 Qe7 21. Rdc1 Ng5 22. Nxg5 Qxg5 23. Qa3 Qh6 24. Bg2 Nc8 25. b4 Qd6 26. Rc3 a6 27. Qb3 Ne7 28. a4 Nd5 29. Rc5 Ne7 30. b5 axb5 31. axb5 Qxd3 32.
Qxd3 Rxd3 33. Rxe5 f6 34. Rec5 Rc8 35. bxc6 bxc6 36.
Bxc6 Nxc6 37. Rxc6 Rxc6 38. Rxc6 h5 39. h4 Kf7 40. Kg2 g6 41. Kf3 Ra3 42. Rc2 Ra4 43.
e4 Ke6 44. Kf4 f5 45. f3 fxe4 46. fxe4 Ra5 47. Rc6+ Kf7 48. Rd6 Kg7 49. Rd5 Ra3 50.
Rd1 Kf6 51. Re1 Ke6 52. Re3 Ra1 53. Kg5 Kf7 54. e5 Ra4 55. Rf3+ Kg7 56. Rf4 Ra5 57. Re4 Ra3 58. Kf4 Ra7 59. Rd4 Kf7 60. Kg5 Ra6 61.
Rd7+ Ke6 62. Rd6+ Rxd6 63. exd6 Kxd6 64. Kxg6 1-0

[Event "Late-Titled-Tuesday-Blitz-June-25-2024"]
[Site "Chess.com"]
[Date "2024.06.25"]
[Round "7"]
[White "simaopdias"]
[Black "mostafa_sakha"]
[Result "1-0"]
[WhiteElo "2257"]
[BlackElo "2418"]
[TimeControl "180+1"]
[EndTime "15:17:18 PDT"]
[Termination "simaopdias won on time"]

1. e4 e5 2. Nf3 Nc6 3. Bb5 a6 4. Ba4 Nf6 5. d3 b5 6. Bb3 Be7 7. c3 O-O 8. Nbd2 d5 9. O-O d4 10. Re1 a5 11. h3 a4 12. Bc2 dxc3 13. bxc3 Nd7 14. d4 Bd6 15. Qe2 Ba6 16. Bd3 Rb8 17. Rb1 exd4 18. Nxd4 Nxd4 19. cxd4 c6 20. Nf3 Re8 21. Qc2 Nf8 22. Bg5 f6 23. Bd2 Qb6 24. e5 fxe5 25. dxe5 Bc5 26. Bf4 Re6 27. Bf5 Rbe8 28.
Rec1 Ba3 29. Rd1 c5 30. Bxe6+ Nxe6 31. Be3 Qc7 32. Rd6 Bb7 33. Rxb5 Bxf3 34. gxf3 c4 35. Rd1 c3 36. f4 g6 37. Qxa4 Bf8 38. Qb3 Qf7 39. Rb7 Be7 40. Qxc3 Ng7 41. Qb3 Ne6 42. Rdd7 Kf8 43. a4 Qf5 44. Bc1 Nc5 45. Qd5 Nxb7 46. Qxb7 Qxh3 47. Rxe7 Rxe7 48. Qb8+ Kf7 49. Qb3+ 1-0

[Event "Late-Titled-Tuesday-Blitz-June-25-2024"]
[Site "Chess.com"]
[Date "2024.06.25"]
[Round "7"]
[White "gabduschew"]
[Black "Cxrjs"]
[Result "0-1"]
[WhiteElo "2398"]
[BlackElo "2525"]
[TimeControl "180+1"]
[EndTime "15:17:19 PDT"]
[Termination "Cxrjs won by checkmate"]

1. e4 e5 2. Nf3 Nc6 3. Bc4 Bc5 4.
d3 Nf6 5. c3 d6 6. Nbd2 a5 7.
Bb3 O-O 8. Qe2 b6 9. Nf1 d5 10. Ng3 Ba6 11. Bc2 h6 12. O-O Re8 13. Re1 Qd7 14. exd5 Nxd5 15. Qe4 Nf6 16. Qh4 Qg4 17. Qxg4 Nxg4 18. Ne4 Be7 19. h3 Nf6 20. Be3 Nd5 21. Rad1 f5 22. Bb3 Rad8 23. Bc1 a4 24. Bxa4 fxe4 25.
dxe4 Nf4 26. Bxf4 exf4 27. Bxc6 Rf8 28. Bd5+ Kh7 29. Nd4 Rd6 30. Nf5 Rxf5 31. exf5 Bf6 32. Be6 Rc6 33. Bf7 h5 34. Bxh5 Rc5 35. Bg6+ Kh6 36.
Re8 Be2 37. Rh8+ Kg5 38. Rh5+ Bxh5 39. Bxh5 Kxh5 40. g4+ fxg3 41. fxg3 Kg5 42. g4 Rb5 43. Rd2 Ra5 44. a3 Kf4 45. Kg2 Rb5 46. Re2 Bh4 47. Rd2 Ke3 48. Rd7 Rxb2+ 49. Kg1 Bf6 50. Rxc7 Kf3 51.
Rd7 Rb1+ 52. Kh2 Be5# 0-1

[Event "Late-Titled-Tuesday-Blitz-June-25-2024"]
[Site "Chess.com"]
[Date "2024.06.25"]
[Round "7"]
[White "LUISMIGUELOV"]
[Black "LoonsDeKoeben"]
[Result "0-1"]
[WhiteElo "2239"]
[BlackElo "2423"]
[TimeControl "180+1"]
[EndTime "15:17:19 PDT"]
[Termination "LoonsDeKoeben won on time"]

1. d4 Nf6 2. c3 c5 3. Bg5 Ne4 4. h4 Nxg5 5. hxg5 e6 6. f4 Nc6 7. e3 d5 8. Nf3 Qa5 9. Bd3 cxd4 10.
exd4 Bd6 11. g3 Bd7 12. Nbd2 b5 13. b4 Qb6 14. Nb3 a5 15. a3 axb4 16. axb4 Rxa1 17. Qxa1 Ke7 18. Rxh7 Rxh7 19. Bxh7 g6 20. Nc5 Bxc5 21.
bxc5 Qb8 22. Qa3 Qh8 23. Bxg6 fxg6 24. Ne5 Qh1+ 25. Kf2 Qh2+ 26. Kf3 Nxe5+ 27. dxe5 Qh1+ 28. Kf2 Qh2+ 29. Kf3 Kd8 30. Qa5+ Ke7 31. Qc7 Qc2 32. Qd6+ Ke8 33. Qb8+ Kf7 34. Qd6 Qxc3+ 35. Kg4 Ke8 36. Qb8+ Ke7 37. Qd6+ Kd8 38. Qf8+ Kc7 39. Qd6+ Kc8 40.
Qf8+ Kb7 41. Qd6 Bc6 42. Qe7+ Ka6 43. Qxe6 Qxc5 44. Qxg6 b4 45. Qb1 Kb5 46. g6 Qe7 47. Qf1+ Kb6 48. Qf2+ Kb5 49. Qe2+ Kc5 50. Qe3+ d4 51.
Qc1+ Kb5 52. Qf1+ Kc5 53. Qf2 Qe6+ 54. f5 Qxe5 0-1

[Event "Late-Titled-Tuesday-Blitz-June-25-2024"]
[Site "Chess.com"]
[Date "2024.06.25"]
[Round "7"]
[White "MaxLeto"]
[Black "Grossboss19"]
[Result "1-0"]
[WhiteElo "2450"]
[BlackElo "2594"]
[TimeControl "180+1"]
[EndTime "15:17:20 PDT"]
[Termination "MaxLeto won by resignation"]

1. g4 g6 2. Bg2 Bg7 3. d4 d5 4. g5 c6 5. h4 h6 6. h5 Bf5 7. hxg6 Bxg6 8. Nf3 hxg5 9. Rxh8 Bxh8 10. Bxg5 Nd7 11. c3 Qb6 12. Qb3 O-O-O 13. Nbd2 Ngf6 14. Qa3 Re8 15. c4 a6 16. Rc1 Kb8 17. Rc3 Ne4 18. Rb3 Qa7 19. Bf4+ Ka8 20. e3 e6 21. Bf1 Bg7 22. Nxe4 Bxe4 23. Nd2 e5 24. Nxe4 dxe4 25. Qd6 Nb8 26. dxe5 Bf8 27. Qf6 b6 28. Bg2 Re6 29. Qd8 Be7 30. Qc8 Qb7 31.
Qxb7+ Kxb7 32. Bxe4 Nd7 33. Bf5 Nc5 34. Bxe6 Nxb3 35.
Bxf7 Nc5 36. Bg6 Na4 37. b3 Nc3 38. a3 Bxa3 39. Kd2 Bb4 40. Kd3 a5 41. Bg5 a4 42.
bxa4 Nxa4 43. e6 Nc5+ 44. Kc2 Nxe6 45. Bf6 Kc7 46. Be5+ Bd6 47. Bc3 Nc5 48. f4 Kd7 49. f5 Ne4 50. Bd4 Bc5 51. Kd3 Nd6 52. e4 Ke7 53. e5 Ne8 54. Bxc5+ bxc5 55. Bxe8 Kxe8 56. Ke4 Kf7 57. Kf4 Kg7 58. Kg5 Kf7 59. Kh6 Kg8 60.
Kg6 Kf8 61. Kf6 Ke8 62. Ke6 1-0

[Event "Late-Titled-Tuesday-Blitz-June-25-2024"]
[Site "Chess.com"]
[Date "2024.06.25"]
[Round "7"]
[White "Chessdude1987"]
[Black "Slovak_fighter2000"]
[Result "1/2-1/2"]
[WhiteElo "2365"]
[BlackElo "2502"]
[TimeControl "180+1"]
[EndTime "15:17:21 PDT"]
[Termination "Game drawn - insufficient material"]

1. e4 c5 2. Nf3 Nc6 3. d4 cxd4 4. Nxd4 g6 5. c4 Nf6 6. Nc3 Nxd4 7. Qxd4 d6 8. f3 Bg7 9. Be3 O-O 10. Qd2 Be6 11.
Be2 a5 12. Nd5 Bxd5 13. cxd5 a4 14. a3 Nd7 15. O-O Nc5 16. Bc4 Qb6 17. Rab1 Rfc8 18. Rfc1 Nb3 19. Bxb3 Qxb3 20. Bd4 Bxd4+ 21. Qxd4 Rc2 22.
Rxc2 Qxc2 23. Rd1 Rc8 24. h4 Qe2 25. Qd2 Rc2 26. Qxe2 Rxe2 27. Rd4 Rxb2 28. Rxa4 Kg7 29. Rb4 Rxb4 30. axb4 f5 31. Kf2 fxe4 32. fxe4 Kf6 33. Kf3 Ke5 34. Ke3 h6 35. g3 h5 36. Kd3 Kf6 37. Ke3 g5 38. hxg5+ Kxg5 39. Kf3 b5 40.
Kf2 Kf6 41. Kf3 e6 42. dxe6 Kxe6 43. Kf4 Kf6 44. Kf3 Kg5 45. Ke3 Kg4 46. Kf2 Kg5 47. Kf3 Kf6 48. Kf4 Kg6 49. Kf3 Kg5 50. Kg2 Kf6 51.
Kf3 Ke5 52. Ke3 d5 53. exd5 Kxd5 54. Kf4 Kc4 55. Kg5 Kxb4 56. Kxh5 Kc3 57. g4 b4 58. g5 b3 59. g6 b2 60. g7 b1=Q 61. g8=Q Qh1+ 62.
Kg6 Qg2+ 63. Kf7 Qxg8+ 64. Kxg8 1/2-1/2

[Event "Late-Titled-Tuesday-Blitz-June-25-2024"]
[Site "Chess.com"]
[Date "2024.06.25"]
[Round "7"]
[White "zverr1"]
[Black "Flawless_Fighter"]
[Result "0-1"]
[WhiteElo "2565"]
[BlackElo "2783"]
[TimeControl "180+1"]
[EndTime "15:17:27 PDT"]
[Termination "Flawless_Fighter won on time"]

1. e4 c6 2. d4 d5 3. Nc3 dxe4 4.
Nxe4 Nf6 5. Nxf6+ exf6 6. Bc4 Bd6 7. Qe2+ Qe7 8. Qxe7+ Kxe7 9. Ne2 Be6 10. Bd3 Nd7 11.
Bd2 Rac8 12. O-O c5 13. c3 Rhd8 14. Rfe1 Kf8 15. Be3 Bd5 16. Bf4 Nb6 17. Bxd6+ Rxd6 18. dxc5 Rxc5 19. Nd4 g6 20. Re2 Bc4 21. Bxc4 Nxc4 22. f3 Re5 23. b3 Rxe2 24. Nxe2 Rd2 25. bxc4 Rxe2 26. Rb1 b6 27. c5 bxc5 28. Rb5 Rxa2 29. Rxc5 f5 30. h4 a5 31. Rc7 a4 32. Ra7 f4 33. c4 Kg7 34. Ra6 a3 35. c5 Rc2 36.
Rxa3 Rxc5 37. Ra4 Rf5 38. Kh2 Kf6 39. g3 fxg3+ 40. Kxg3 Re5 41. Ra6+ Re6 42. Ra4 h5 43.
Rf4+ Kg7 44. Ra4 Re5 45. Rb4 Kf6 46. Rf4+ Rf5 47. Ra4 Rd5 48. Rf4+ Ke6 49. Re4+ Re5 50. Ra4 Re3 51. Ra6+ Kf5 52. Ra5+ Re5 53. Ra7 f6 54. Ra6 Rb5 55. Rc6 g5 56. hxg5 fxg5 57. Rc8 Rb6 58.
Rc5+ Kg6 59. Rc8 Rf6 60. Rg8+ Kf5 61. Rh8 h4+ 62. Kg2 Kf4 0-1

[Event "Late-Titled-Tuesday-Blitz-June-25-2024"]
[Site "Chess.com"]
[Date "2024.06.25"]
[Round "7"]
[White "Bob_2004"]
[Black "betta2004"]
[Result "0-1"]
[WhiteElo "2709"]
[BlackElo "2504"]
[TimeControl "180+1"]
[EndTime "15:17:27 PDT"]
[Termination "betta2004 won by resignation"]

1. e4 c6 2. d4 d5 3. e5 Bf5 4.
h4 h5 5. Bd3 Bxd3 6. Qxd3 e6 7.
Bg5 Be7 8. Nf3 Qb6 9. Nbd2 Qa6 10. c4 Nd7 11. O-O Bxg5 12. Nxg5 Nh6 13. b3 Nf5 14. g3 Qb6 15. Ndf3 Rf8 16. Rac1 Ke7 17. Rfd1 Rac8 18. c5 Qb5 19. Qxb5 cxb5 20. Ne1 Nb8 21. Kg2 Nc6 22.
Ngf3 f6 23. exf6+ gxf6 24. Nc2 Rg8 25. Re1 Kd7 26. Re2 Rce8 27. Rce1 Rg4 28. Nh2 Rg7 29. Nf3 Rg4 30. Nh2 Rg7 31. Rd2 Nxh4+ 32. Kh3 Nf5 33. Nf3 Ke7 34. Rde2 Kf7 35. a3 a5 36. Rd2 Rg4 37. Ne3 Nxe3 38. Rxe3 Reg8 39. Rde2 Re8 40.
Rd3 Rd8 41. Nh2 Rg6 42. f4 f5 43. Nf3 Kf6 44. Re5 Nxe5 45. Nxe5 Rg7 46. Rd2 h4 47. gxh4 Rdg8 48. Rd3 Rg1 49. Kh2 R8g2+ 50. Kh3 Ra2 51. Nf3 Rf1 52. Ng5 Rxf4 53. Re3 Re4 54. Nxe4+ dxe4 55. h5 Rxa3 56. Kh4 Ra1 57. Rg3 Rh1+ 58.
Rh3 Rxh3+ 59. Kxh3 Kg5 60. Kg3 a4 61. bxa4 bxa4 62.
Kf2 a3 63. c6 bxc6 64. Ke3 a2 65. Kd2 a1=Q 66. Kc2 Qxd4 67. Kb3 Kh6 68. Kc2 e3 69.
Kb3 e2 0-1

[Event "Late-Titled-Tuesday-Blitz-June-25-2024"]
[Site "Chess.com"]
[Date "2024.06.25"]
[Round "7"]
[White "Aswathchess"]
[Black "ansko1999"]
[Result "0-1"]
[WhiteElo "2764"]
[BlackElo "2603"]
[TimeControl "180+1"]
[EndTime "15:17:30 PDT"]
[Termination "ansko1999 won on time"]

1. h3 a6 2. a3 a5 3. a4 h6 4. Nf3 Nc6 5. d4 d5 6. Nc3 Bf5 7. g4 Bh7 8. Bf4 e6 9. Bg2 Bd6 10. Bxd6 Qxd6 11. O-O Nf6 12. Nb5 Qd7 13. c4 O-O 14.
Ne5 Nxe5 15. dxe5 Ne4 16. Rc1 c6 17. Nd4 Qc7 18. cxd5 exd5 19. Nf3 Qb6 20. Qd4 Qb4 21.
Rfd1 Rfe8 22. e3 Ng5 23. Nxg5 hxg5 24. Qxb4 axb4 25. b3 Rxe5 26. Rd4 f6 27. Rxb4 Re7 28. Rc5 Kf7 29. Bf1 Ke6 30. Rc3 Kd6 31. f3 Bg6 32.
Kf2 Bh7 33. Rd4 Ke5 34. Rd2 Rd7 35. Kg3 Ke6 36. h4 gxh4+ 37. Kxh4 g5+ 38. Kg3 Bg6 39. Rh2 Rh7 40. Rxh7 Bxh7 41. Be2 Bg6 42. Rc1 Rh8 43. a5 Kd6 44. b4 Re8 45. Kf2 Rh8 46. Kg2 Re8 47. Kf2 Rh8 48. Bf1 f5 49. gxf5 Bxf5 50.
Kg3 Re8 51. Rc3 Rh8 52. Bg2 Ke5 53. e4 dxe4 54. fxe4 Bxe4 55. Rc5+ Kd4 56. Bf1 Bd5 57. Rc1 Rh1 58. Rd1+ Kc3 59. b5 Kb4 60. a6 bxa6 61. b6 Rh8 0-1

[Event "Late-Titled-Tuesday-Blitz-June-25-2024"]
[Site "Chess.com"]
[Date "2024.06.25"]
[Round "7"]
[White "Jarming"]
[Black "CrimeFightingSpider07"]
[Result "1-0"]
[WhiteElo "2718"]
[BlackElo "2552"]
[TimeControl "180+1"]
[EndTime "15:17:30 PDT"]
[Termination "Jarming won by checkmate"]

1. d4 Nf6 2. c4 e6 3. g3 d5 4. Bg2 Be7 5. Nf3 O-O 6. O-O c6 7. Qc2 b6 8. Nc3 Nbd7 9. e4 dxc4 10. a4 Bb7 11. e5 Nd5 12. Ne4 Nb4 13. Qd1 c5 14.
Nd6 Bxd6 15. exd6 cxd4 16. Nxd4 Bxg2 17. Kxg2 Rc8 18. Nb5 Nc5 19. Nxa7 Ra8 20. Nb5 Qd7 21. Be3 Nxa4 22. Nc7 Nxb2 23. Qd4 Nc2 24. Qxb2 Rxa1 25. Rxa1 Nxa1 26. Qxb6 Nc2 27. Bc5 Ne1+ 28. Kg1 Nd3 29. Ba3 Qa4 30. Nb5 Qd1+ 31. Kg2 Ne1+ 32. Kg1 Nf3+ 33.
Kg2 Nd2 34. Kh3 Qf1+ 35. Kg4 h5+ 36. Kf4 Qe2 37. Qe3 Qxe3+ 38. Kxe3 Nb3 39. Na7 f6 40. Nc6 c3 41. Kd3 c2 42. Kxc2 Rc8 43. Kxb3 Rxc6 44.
d7 Rb6+ 45. Kc4 Rb8 46. Be7 Kf7 47. d8=Q Rxd8 48. Bxd8 e5 49. Kd5 g6 50. h4 Kg7 51.
Ke6 f5 52. Bf6+ Kh7 53. Bxe5 Kh6 54. Bf4+ Kg7 55. Be5+ Kh7 56. Kf7 Kh6 57. Bg7+ Kh7 58. Bf8 f4 59. gxf4 g5 60. hxg5 h4 61. g6+ Kh8 62.
g7+ Kh7 63. g8=Q# 1-0

[Event "Late-Titled-Tuesday-Blitz-June-25-2024"]
[Site "Chess.com"]
[Date "2024.06.25"]
[Round "7"]
[White "Rodalquilar"]
[Black "vi_pranav"]
[Result "0-1"]
[WhiteElo "2832"]
[BlackElo "3051"]
[TimeControl "180+1"]
[EndTime "15:17:31 PDT"]
[Termination "vi_pranav won on time"]

1. d4 Nf6 2. Nf3 e6 3. Bf4 b6 4. e3 Bb7 5. Nbd2 Be7 6. h3 O-O 7. Bd3 d6 8. Bh2 Nbd7 9. O-O Re8 10. a4 a6 11. c3 Bf8 12. e4 e5 13. d5 g6 14. Re1 Nh5 15. Bf1 Bh6 16. b4 Rf8 17. a5 b5 18. c4 bxc4 19. Bxc4 Nf4 20. b5 axb5 21. Bxb5 Nc5 22. Nb3 Na6 23. Bxf4 Bxf4 24.
Re2 f5 25. Ne1 fxe4 26. Rxe4 Qh4 27. g3 Qg5 28. Nf3 Qf5 29. Rc4 Bxg3 30. fxg3 Qxf3 31. Qxf3 Rxf3 32. Nd2 Rxg3+ 33. Kf2 Rd3 34. Ne4 Bxd5 35.
Nf6+ Kg7 36. Nxd5 Rxd5 37. Bc6 Rf8+ 38. Ke3 Rd4 39. Rxd4 exd4+ 40. Kxd4 Rf4+ 41. Kc3 Rb4 42. Bd5 Rb8 43. Bc4 Ra8 44. Kd4 c6 45. Kc3 Kf6 46. Rd1 d5 47. Bxa6 Rxa6 48. Kb4 Ke5 49. Rf1 h5 50.
Rf7 g5 51. Rg7 Kf4 52. Rh7 h4 53. Rg7 d4 54. Rg6 d3 55. Kc3 Rxa5 56. Rxc6 Ra3+ 57. Kd2 Ra5 58. Rc1 Kg3 59. Rh1 Kg2 60. Re1 Kxh3 61.
Kxd3 g4 62. Ke4 g3 63. Ra1 Rxa1 0-1

[Event "Late-Titled-Tuesday-Blitz-June-25-2024"]
[Site "Chess.com"]
[Date "2024.06.25"]
[Round "7"]
[White "petr577"]
[Black "WPWPWP-2015"]
[Result "0-1"]
[WhiteElo "2361"]
[BlackElo "2551"]
[TimeControl "180+1"]
[EndTime "15:17:41 PDT"]
[Termination "WPWPWP-2015 won on time"]

1. d4 Nf6 2. c4 e6 3. Nf3 d5 4. g3 Be7 5. Bg2 O-O 6. O-O Nbd7 7. Nbd2 Re8 8. Qc2 b6 9. e4 dxe4 10. Nxe4 Nxe4 11. Qxe4 Rb8 12. Bf4 Bb7 13. Qe2 Nf8 14. Rad1 Ng6 15. Bc1 Bf6 16. h4 h6 17. h5 Ne7 18. Rfe1 Qc8 19. b3 Rd8 20. Ne5 c5 21. Bxb7 Qxb7 22. Nxf7 Kxf7 23. Qxe6+ Kf8 24. Bxh6 Ng8 25.
Bf4 Qf7 26. Qxf7+ Kxf7 27. Bxb8 Rxb8 28. dxc5 bxc5 29. Rd7+ Ne7 30. Rxa7 Rd8 31. Re2 Rc8 32. Kg2 Kf8 33. f4 Nc6 34. Rd7 Nd4 35. Rd2 Ke8 36.
Rd5 Ne6 37. Kf3 Bd4 38. g4 Ke7 39. Re2 Kf7 40. Rf5+ Bf6 41. g5 Nd4+ 42. Kg4 Nxe2 43. gxf6 gxf6 44. Rd5 Nd4 45. Rd7+ Ke6 46. Ra7 Rg8+ 47.
Kh3 Kf5 48. Ra6 Ne6 49. Kh2 Nxf4 50. h6 Rh8 51. Kg3 Rxh6 52. Kf3 Rh3+ 53. Kf2 Rh2+ 54.
Ke3 Rh3+ 55. Kd2 Ne6 56. Rc6 Ke5 57. Kc2 Rh2+ 58. Kb1 f5 59. a3 f4 60. b4 f3 0-1

[Event "Late-Titled-Tuesday-Blitz-June-25-2024"]
[Site "Chess.com"]
[Date "2024.06.25"]
[Round "7"]
[White "kubal123"]
[Black "protectiago"]
[Result "1/2-1/2"]
[WhiteElo "2283"]
[BlackElo "2132"]
[TimeControl "180+1"]
[EndTime "15:17:42 PDT"]
[Termination "Game drawn - insufficient material"]

1. e4 e5 2. Nf3 Nc6 3. Bb5 a6 4.
Bxc6 dxc6 5. O-O Bg4 6. h3 h5 7. d3 Qf6 8. Nbd2 Ne7 9. Re1 Ng6 10. d4 Bd6 11. hxg4 hxg4 12. Nh2 Rxh2 13. Kxh2 Qh4+ 14. Kg1 exd4 15. Nf1 O-O-O 16. g3 Qh3 17. Nh2 Nh4 18. Qxg4+ Qxg4 19. Nxg4 Nf3+ 20. Kf1 Nxe1 21. Kxe1 Re8 22.
f3 f5 23. Nf2 Bxg3 24. Kf1 Bxf2 25. Kxf2 fxe4 26. fxe4 Rxe4 27. Bd2 Kd7 28. Rg1 Re7 29. b4 Kd6 30. Rg6+ Kd5 31. Rg5+ Re5 32. Rxg7 Kc4 33. Rxc7 d3 34. cxd3+ Kxd3 35. Rd7+ Kc4 36. Rxb7 c5 37. bxc5 Rxc5 38. Ra7 a5 39. Bxa5 Rf5+ 40. Ke2 Rd5 41. Be1 Kb5 42. a4+ Kb6 43. Bf2+ Kc6 44. Ra6+ Kb7 45.
Rb6+ Kc7 46. Rb5 Rd7 47. Be3 Kc6 48. Bf2 Kc7 49. Rc5+ Kb7 50. Rb5+ Kc6 51. Rb4 Rd5 52. Be3 Rd7 53. Bd2 Rd5 54. Kd1 Kc5 55. Rh4 Rd4 56. Rh5+ Kc6 57. a5 Ra4 58. Kc2 Ra2+ 59. Kc1 Ra1+ 60. Kb2 Rd1 61. Bc3 Rd5 62. Kb3 Rxh5 63. Kc4 Rc5+ 64. Kb4 Rxc3 65. Kxc3 Kb5 66. a6 Kxa6 1/2-1/2

[Event "Late-Titled-Tuesday-Blitz-June-25-2024"]
[Site "Chess.com"]
[Date "2024.06.25"]
[Round "7"]
[White "rhungaski"]
[Black "rasmussvane"]
[Result "0-1"]
[WhiteElo "2648"]
[BlackElo "2983"]
[TimeControl "180+1"]
[EndTime "15:17:46 PDT"]
[Termination "rasmussvane won by resignation"]

1. b3 d5 2. Bb2 Nf6 3. Nf3 Bf5 4. g3 e6 5. Bg2 h6 6. O-O Be7 7. c4 c6 8. d3 O-O 9. Nbd2 Bh7 10. Qc2 a5 11. a3 c5 12. Ne5 Nbd7 13. Nxd7 Qxd7 14. e4 dxe4 15. Nxe4 Nxe4 16. dxe4 Rfd8 17. Rad1 Qc6 18. Qc3 Bf8 19. e5 Be4 20. f3 Bg6 21. a4 b6 22.
Rfe1 Rac8 23. Kf2 Rd4 24. Qe3 Rcd8 25. f4 Qc7 26. Bxd4 cxd4 27. Qf3 Bb4 28. Re4 Qc5 29. Rd3 Bc3 30. Qe2 Qa3 31. Qd1 Bxe4 32. Bxe4 Qb2+ 33. Kf3 Qxh2 34. Qe2 Qh5+ 35. Kf2 Qxe2+ 36. Kxe2 g6 37.
g4 Kg7 38. Rh3 Bb4 39. Bd3 Bc5 40. Kf3 Rf8 41. Ke4 f5+ 42. exf6+ Rxf6 43. Ke5 Rf8 44. Ke4 Bd6 45. Rf3 h5 46. gxh5 gxh5 47. f5 exf5+ 48. Rxf5 Rxf5 49. Kxf5 Kh6 50. Bf1 Bc5 51. Kf6 h4 52.
Kf5 Bd6 53. Kg4 Be7 54. Kf5 Kg7 55.
Ke4 Bf6 56. Kf5 Kf7 57. Ke4 Ke6 58. Bh3+ Kd6 59. Kd3 Ke5 60. c5 bxc5 61. Kc4 Be7 62. Bf1 Ke4 63. Kb5 d3 64. Kxa5 d2 65. Be2 h3 66.
Kb5 h2 67. a5 h1=Q 0-1

[Event "Late-Titled-Tuesday-Blitz-June-25-2024"]
[Site "Chess.com"]
[Date "2024.06.25"]
[Round "7"]
[White "Pitomina"]
[Black "Zhigalko_Sergei"]
[Result "1/2-1/2"]
[WhiteElo "2573"]
[BlackElo "2963"]
[TimeControl "180+1"]
[EndTime "15:17:51 PDT"]
[Termination "Game drawn - insufficient material"]

1. d4 Nf6 2. Bf4 d5 3. e3 c5 4.
c3 Nc6 5. Nd2 Bf5 6. Ngf3 e6 7.
Bb5 Qb6 8. Qa4 Be7 9. dxc5 Bxc5 10. Nb3 O-O 11. Nxc5 Qxc5 12. Bxc6 bxc6 13. O-O Rfc8 14. Rac1 Qb6 15. b3 Ne4 16. c4 Nc5 17. Qa3 Nd3 18. Rc3 d4 19. c5 Qd8 20. Rc4 Nxf4 21.
exf4 d3 22. Rd4 Qc7 23. Ne5 Rd8 24. Rd6 f6 25. Nc4 Rd7 26. Rd1 Rad8 27. f3 h5 28.
g3 Kh7 29. Kg2 Qb7 30. Rd2 Qb5 31. h3 Bg6 32. g4 hxg4 33. hxg4 a6 34. Kg3 Kg8 35.
Rxe6 Bf7 36. Rd6 Bxc4 37. bxc4 Qxc4 38. R2xd3 Rxd6 39. Rxd6 Rc8 40. Qb3 Qxb3 41. axb3 a5 42. f5 Rb8 43. Rxc6 Rxb3 44. Ra6 Rb5 45. c6 Rc5 46. c7 Rxc7 47. Rxa5 Rc4 48. Kh4 Kh7 49.
Ra2 Rc1 50. Rh2 Kg8 51. Kg3 Kf7 52. Rb2 Rc7 53. Rd2 Ra7 54. Rd3 Rb7 55. f4 Ra7 56. g5 fxg5 57. fxg5 Rb7 58. Kg4 Ra7 59. g6+ Kf6 60.
Rd6+ Ke5 61. Re6+ Kd5 62. Re3 Kd4 63. Re1 Ra2 64. f6 gxf6 65. Kf5 Rf2+ 66. Ke6 f5 67. g7 Rg2 68. Kf7 f4 69. Re6 f3 70. Rf6 f2 71.
g8=Q Rxg8 72. Kxg8 Ke3 73. Re6+ Kf3 74. Rf6+ Ke2 75.
Rxf2+ Kxf2 1/2-1/2

[Event "Late-Titled-Tuesday-Blitz-June-25-2024"]
[Site "Chess.com"]
[Date "2024.06.25"]
[Round "7"]
[White "szachmistrz2500"]
[Black "nindjaxx8"]
[Result "0-1"]
[WhiteElo "2466"]
[BlackElo "2716"]
[TimeControl "180+1"]
[EndTime "15:17:58 PDT"]
[Termination "nindjaxx8 won by resignation"]

1. e4 e6 2. d4 d5 3. Nc3 Bb4 4. e5 c5 5. Bd2 Bd7 6. a3 Bxc3 7. bxc3 Nc6 8. Qg4 Nge7 9. Nf3 Qb6 10. Bd3 c4 11.
Be2 O-O-O 12. O-O Nf5 13. Rfb1 Qc7 14. a4 h5 15. Qf4 Rdg8 16. h4 Nce7 17. Qh2 f6 18. a5 Ng6 19. a6 b6 20. Kf1 Rf8 21. Kg1 Rfg8 22. Bf1 Nfe7 23. Re1 Nf5 24. Bc1 Rf8 25. Ba3 Re8 26. g3 fxe5 27. Nxe5 Nxe5 28. Rxe5 g6 29. Bh3 Rh7 30. Qg2 Rf7 31. Rae1 Qc6 32. Bb4 Qa4 33. Qf3 Qxc2 34. Qf4 Qa4 35. Bxf5 gxf5 36.
Qg5 Qxa6 37. Qxh5 Rg7 38. Qh6 Rgg8 39. h5 Qb7 40. Qf4 a5 41. Ba3 Rh8 42. h6 Qc6 43. Kg2 Qa4 44. Bd6 Rh7 45. Rh1 Qc6 46. Ree1 b5 47.
Ra1 a4 48. Bb4 Kb7 49. Rh5 Reh8 50. Rah1 Be8 51. Rg5 Bf7 52. Rg7 Qd7 53. Rh4 Qe8 54.
Qe5 Rxh6 55. Rxh6 Rxh6 56. Qd6 Rg6 57. Rxg6 Bxg6 58. Bc5 Bf7 59. Qb6+ Kc8 60. Bd6 Qd8 61. Qb8+ Kd7 62. Qxb5+ Kxd6 63. Qc5+ Kd7 64. Qb5+ Ke7 65. Qxa4 Kf6 66. Qa7 Qd6 67. Qa8 e5 68. Qh8+ Ke6 69. Qh6+ Ke7 70. Qg5+ Qf6 71. Qe3 f4 72. Qxe5+ Qxe5 73.
dxe5 fxg3 74. fxg3 Ke6 75. Kf3 Kxe5 76. Ke3 Bg6 0-1